 Dungeon Crawl Stone Soup version 0.25-b1-46-gb8a1ec05df (webtiles) character file.

Game seed: 1698429369982129996

18442 Chiseanne the Fighter (level 12, -7/101 HPs)
             Began as a Demonspawn Wanderer on June 11, 2020.
             Was an Initiate of Gozag.
             Killed from afar by a deep elf mage (38 damage)
             ... with a bolt of lightning
             ... on level 13 of the Dungeon.
             The game lasted 00:27:26 (13576 turns).

Chiseanne the Fighter (Demonspawn Wanderer)        Turns: 13576, Time: 00:27:27

Health: -7/101     AC: 20    Str: 18    XL:     12   Next: 27%
Magic:  17/17      EV: 19    Int: 11    God:    Gozag
Gold:   784        SH: 11    Dex: 26    Spells: 11/11 levels left

rFire    . . .     SeeInvis +   a - +5 flail (venom)
rCold    + . .     Gourm    .   K - +0 buckler
rNeg     . . .     Faith    .   J - +0 scale mail
rPois    .         Spirit   .   g - +1 helmet
rElec    .         Reflect  +   P - +1 cloak
rCorr    .         Harm     .   (no gloves)
MR       .....                  k - +1 pair of boots
Stlth    ++........             H - amulet of reflection
HPRegen  0.26/turn              i - +4 ring of protection
MPRegen  0.15/turn              Q - ring "Caokia Deha" {*Drain rC+ Dex+7 SInv}

@: gold aura
A: talons 1, thin skeletal structure 2, demonic guardian 1, spiny 3
a: Potion Petition, Call Merchant, Bribe Branch, Renounce Religion


You were on level 13 of the Dungeon.
You worshipped Gozag.
Gozag was pleased with you.
You were not hungry.

You visited 1 branch of the dungeon, and saw 13 of its levels.

You collected 2845 gold pieces.
You spent 1372 gold pieces at shops.
You paid 689 gold pieces to Gozag.

Inventory:

Hand Weapons
 a - a +5 flail of venom (weapon)
 s - a +2 war axe of freezing
Missiles
 f - 252 arrows
 o - 48 poisoned darts (quivered)
 t - 11 silver javelins
 u - 80 sling bullets
 w - 12 boomerangs
 y - a throwing net
 B - 48 bolts
 O - 2 javelins
Armour
 g - a +1 helmet (worn)
 k - a +1 pair of boots (worn)
 D - the cursed +0 hat of Sunlight {+Inv Str+3}
   (You found it on level 8 of the Dungeon)

   It affects your strength (+3).
   It lets you turn invisible.
   It has a curse placed upon it.
 J - a +0 scale mail (worn)
 K - a +0 buckler (worn)
 P - a +1 cloak (worn)
Jewellery
 i - a +4 ring of protection (left hand)
 H - an amulet of reflection (around neck)
 Q - the ring "Caokia Deha" (right hand) {*Drain rC+ Dex+7 SInv}
   (You bought it in a shop on level 11 of the Dungeon)

   [ring of protection from cold]

   It affects your dexterity (+7).
   It protects you from cold.
   It lets you see invisible.
   It causes draining when unequipped.
 R - an uncursed ring of stealth {unknown}
 U - an uncursed amulet of magic regeneration {unknown}
Wands
 e - a wand of polymorph (7)
 m - a wand of iceblast (19)
 r - a wand of enslavement (2)
 A - a wand of digging (8)
 C - a wand of paralysis (7)
 F - a wand of clouds (6)
 S - a wand of random effects (21)
Scrolls
 c - 2 scrolls of fog
 h - 3 scrolls of magic mapping
 j - 3 scrolls of identify
 n - 6 scrolls of remove curse
 x - 3 scrolls of amnesia
 z - a scroll of teleportation
 G - a scroll of immolation
 T - a scroll of enchant armour
Potions
 b - 3 potions of lignification
 l - 13 potions of curing
 q - 6 potions of haste
 v - 2 potions of magic
 E - 4 potions of mutation
 I - a potion of cancellation
 L - 3 potions of berserk rage
 M - 3 potions of flight
Miscellaneous
 p - 2 boxes of beasts
 N - a tin of tremorstones (3/3)
Comestibles
 d - 12 rations


   Skills:
 * Level 11.7 Fighting
 - Level 1.0 Throwing
 * Level 10.4 Armour
 * Level 10.0 Dodging
 - Level 1.0 Stealth
 * Level 3.6 Shields
 * Level 6.9 Evocations


You had 11 spell levels left.
You didn't know any spells.
Your spell library contained the following spells:

 Spells                   Type           Power        Failure   Level  Hunger
 Sting                    Tmut/Pois      #...         67%         1    ##.....
 Poisonous Vapours        Pois/Air       #.....       82%         2    ###....
 Ignite Poison            Fire/Tmut/Pois #.......     96%         3    ####...
 Mephitic Cloud           Conj/Pois/Air  #.......     96%         3    ####...
 Ice Form                 Ice/Tmut       #.......     100%        4    #####..
 Olgreb's Toxic Radiance  Pois           #.......     100%        4    #####..
 Metabolic Englaciation   Hex/Ice        #.........   100%        5    ######.
 Freezing Cloud           Conj/Ice/Air   #.........   100%        6    #######
 Ozocubu's Refrigeration  Ice            #.........   100%        6    #######
 Simulacrum               Ice/Necr       #.........   100%        6    #######


Dungeon Overview and Level Annotations

Branches:
Dungeon (13/15)            Temple (0/1) D:4            Lair (0/6) D:11
    Orc (0/2) D:12         Vaults (0/5) D:13

Altars:
Ashenzari
Gozag
Kikubaaqudgha
Makhleb
Nemelex Xobeh
Ru
Trog
Vehumet

Shops:
D:8 !   D:11 =

Annotations:
D:6 exclusion: oklob plant
D:8 1 runed translucent door, Statics's ghost, novice OpFi
D:10 1 runed translucent door


Innate Abilities, Weirdness & Mutations

You have sharp toenails.
You have a moderately thin skeletal structure. (Dex +4, Stealth+)
A weak demonic guardian rushes to your aid.
You are completely covered in sharp spines.


Message History

The deep elf mage gestures wildly while chanting.
The deep elf mage blinks!
The troll is engulfed in poison gas.
The troll looks as sick as possible!
You kill the troll!
Your Dodging skill increases to level 10!
The sky beast is engulfed in poison gas.
The sky beast looks even sicker.
The sky beast becomes distracted by the nearby gold, dreaming of imaginary riches.
Your shadow imp hits the sky beast but does no damage.
The sky beast is no longer distracted by gold.
Your iron imp misses the sky beast.
The sky beast is engulfed in poison gas.
The sky beast looks even sicker.
The deep elf mage is engulfed in poison gas.
The deep elf mage looks even sicker.
The deep elf mage points at you and mumbles some strange words.
The bolt of lightning hits the sky beast.
The sky beast completely resists.
The bolt of lightning hits you!!!
You die...
Your body crumbles into a pile of gold.

##.............# ##(#
#.............# #(##
#........######### #..# #
##.......#.......# ###.##
###........#...∩...# ###....###
.#..#^.....#.......# #.$......#
...##......####'#######$$.......#
...###.............§§§e$.......##
...# ##.........@.Y5§##$.......#
...# #...........5§####.......#
.#.# ##...#'######## ###.....#
##.# ##..#.. ####..## #.##
##.#..# #.§.# #..## ###..#..
#...# ##...## ####. ##...
......## .. ###... .......### .#
##..###


You could see a deep elf mage (very poisoned), a sky beast (invisible, very
poisoned), a friendly iron imp (summoned) and a friendly shadow imp (summoned).

Vanquished Creatures
  2 two-headed ogres
  2 unseen horrors
  A wolf spider zombie (D:12)
  2 deep elf magi
  3 cyclopes
  2 ugly things
  A gargoyle (D:12)
  3 trolls
  2 hornets
  9 slime creatures
  Grinder (D:3)
  5 hippogriffs
  A vampire (D:13)
  A shadow (D:13)
  Grum (D:9)
  A steam dragon (D:10)
  A basilisk (D:9)
  3 vampire mosquitoes (D:12)
  3 wargs (D:11)
  A soldier ant (D:12)
  A water moccasin (D:7)
  2 black bears (D:12)
  A hornet zombie (D:13)
  10 ogres
  3 orc warriors
  3 phantoms
  5 ice beasts
  4 sky beasts
  3 wolves (D:9)
  3 centaurs
  8 bullfrogs
  A wyvern zombie (D:6)
  3 scorpions
  3 killer bees (D:9)
  13 wights
  2 howler monkeys
  2 centaur zombies
  5 crimson imps
  A quasit (D:10)
  2 bullfrog zombies
  2 jellies
  4 hounds
  5 centaur skeletons
  11 orc priests
  4 bullfrog skeletons
  2 gnoll shamans
  5 iguanas
  6 orc wizards
  A killer bee zombie (D:8)
  12 worker ants
  2 hound zombies (D:5)
  A hound skeleton (D:5)
  10 gnolls
  A howler monkey skeleton (D:11)
  A howler monkey zombie (D:5)
  13 adders
  6 shadow imps
  An adder skeleton (D:6)
  An adder zombie (D:5)
  4 worms
  3 dart slugs
  3 leopard geckos
  27 orcs
  7 bats
  4 giant cockroaches
  10 goblins
  5 hobgoblins
  5 jackals
  5 quokkas
  A ball python (D:5)
  A frilled lizard (D:3)
  2 jackal skeletons (D:5)
  A jackal zombie (D:5)
  8 kobolds
  A leopard gecko skeleton (D:7)
  A quokka zombie (D:5)
  11 rats
307 creatures vanquished.

Vanquished Creatures (collateral kills)
  A deep elf mage (D:11)
  A troll (D:13)
  A hippogriff (D:10)
  An ice beast (D:7)
  A black bear (D:8)
  A necrophage (D:10)
  A wolf (D:9)
  An ogre (D:6)
  A centaur zombie (D:5)
  An orc priest (D:6)
  2 orc wizards
  2 orcs (D:9)
  A quokka (D:11)
15 creatures vanquished.

Vanquished Creatures (others)
  2 gnolls (D:10)
2 creatures vanquished.

Grand Total: 324 creatures vanquished

Notes
Turn   | Place    | Note
-------+----------+-------------------------------------------
     0 | D:1      | Chiseanne the Demonspawn Wanderer began the quest for the
                  | Orb.
     0 | D:1      | Chiseanne set off with the following items: a +2 spear, a
                  | potion of lignification, a +0 ring mail, a ration
     0 | D:1      | Reached XP level 1. HP: 21/21 MP: 1/1
   186 | D:1      | Gained mutation: You have a somewhat thin skeletal
                  | structure. (Dex +2, Stealth) [demonic ancestry]
   186 | D:1      | Reached XP level 2. HP: 27/27 MP: 2/2
   235 | D:1      | Found a sparkling altar of Nemelex Xobeh.
   306 | D:1      | Reached skill level 1 in Dodging
   717 | D:3      | Reached XP level 3. HP: 23/33 MP: 3/3
   769 | D:3      | Gained mutation: You are partially covered in sharp spines.
                  | [demonic ancestry]
   769 | D:3      | Reached XP level 4. HP: 31/39 MP: 4/4
  1013 | D:3      | Found a shattered altar of Ashenzari.
  1098 | D:3      | Noticed Grinder
  1116 | D:3      | Killed Grinder
  1116 | D:3      | Reached skill level 6 in Fighting
  1116 | D:3      | Reached XP level 5. HP: 11/46 MP: 5/5
  1116 | D:3      | Gained mutation: A weak demonic guardian rushes to your
                  | aid. [demonic ancestry]
  1116 | D:3      | Reached XP level 6. HP: 13/52 MP: 6/6
  1395 | D:3      | Found an ancient bone altar of Kikubaaqudgha.
  1517 | D:3      | Found an opulent altar of Gozag.
  1524 | D:3      | Became a worshipper of Gozag Ym Sagoz the Greedy
  1667 | D:4      | Found a transporter.
  1700 | D:4      | Found a transporter.
  1910 | D:2      | Found a bloodstained altar of Trog.
  2216 | D:2      | Gained mutation: You have sharp toenails. [demonic
                  | ancestry]
  2216 | D:2      | Reached XP level 7. HP: 57/59 MP: 7/7
  2618 | D:2      | Found a burning altar of Makhleb.
  2618 | D:2      | Found a sparkling altar of Nemelex Xobeh.
  3146 | D:4      | Reached skill level 5 in Armour
  3229 | D:4      | Found a staircase to the Ecumenical Temple.
  3264 | D:4      | Reached skill level 7 in Fighting
  3413 | D:5      | Entered Level 5 of the Dungeon
  3890 | D:5      | Gained mutation: You are mostly covered in sharp spines.
                  | [demonic ancestry]
  3890 | D:5      | Reached XP level 8. HP: 40/67 MP: 8/8
  4224 | D:6      | Reached skill level 5 in Dodging
  4571 | D:6      | Noticed an oklob plant
  4580 | D:6      | Found a sacrificial altar of Ru.
  4777 | D:6      | Reached skill level 8 in Fighting
  5424 | D:7      | Gained mutation: You are completely covered in sharp
                  | spines. [demonic ancestry]
  5424 | D:7      | Reached XP level 9. HP: 37/75 MP: 9/9
  5856 | D:7      | Found a radiant altar of Vehumet.
  6171 | D:8      | Found a runed translucent door.
  6185 | D:8      | Got a twisted hat
  6186 | D:8      | Identified the cursed +0 hat of Sunlight {+Inv Str+3} (You
                  | found it on level 8 of the Dungeon)
  6329 | D:8      | Noticed Statics's ghost (novice OpFi)
  6456 | D:8      | Noticed a two-headed ogre
  6462 | D:8      | Reached skill level 9 in Fighting
  6471 | D:8      | Killed a two-headed ogre
  6982 | D:8      | Found Ritirh Odghai's Distillery.
  6985 | D:8      | Bought a potion of magic for 128 gold pieces
  6985 | D:8      | Bought a potion of curing for 48 gold pieces
  6985 | D:8      | Bought a potion of curing for 48 gold pieces
  6985 | D:8      | Bought a potion of haste for 160 gold pieces
  6985 | D:8      | Bought a potion of stabbing for 64 gold pieces
  6985 | D:8      | Bought a potion of degeneration for 16 gold pieces
  6985 | D:8      | Bought a potion of curing for 48 gold pieces
  6985 | D:8      | Bought a potion of brilliance for 64 gold pieces
  6985 | D:8      | Bought 2 potions of berserk rage for 160 gold pieces
  6985 | D:8      | Bought a potion of curing for 48 gold pieces
  7169 | D:9      | Gained mutation: You have a moderately thin skeletal
                  | structure. (Dex +4, Stealth+) [demonic ancestry]
  7169 | D:9      | Reached XP level 10. HP: 82/84 MP: 10/10
  7262 | D:9      | Noticed a white ugly thing
  7281 | D:9      | Killed a white ugly thing
  7281 | D:9      | Reached skill level 1 in Evocations
  7322 | D:9      | Noticed Grum
  7332 | D:9      | Killed Grum
  7332 | D:9      | Reached skill level 10 in Fighting
  7403 | D:9      | Noticed a cyclops
  7434 | D:9      | Killed a cyclops
  8550 | D:10     | Entered Level 10 of the Dungeon
  8589 | D:10     | Killed an unseen horror
  9241 | D:9      | Reached XP level 11. HP: 72/92 MP: 14/14
  9866 | D:10     | Found a runed translucent door.
  9868 | D:10     | Noticed a fire crab
 10128 | D:11     | Noticed a red ugly thing
 10141 | D:11     | Killed a red ugly thing
 10166 | D:11     | Noticed a deep elf mage
 10171 | D:11     | Killed a deep elf mage
 10171 | D:11     | Reached skill level 5 in Evocations
 10234 | D:11     | Killed an unseen horror
 10234 | D:11     | Reached skill level 11 in Fighting
 10551 | D:11     | Found a staircase to the Lair.
 10849 | D:11     | Reached skill level 1 in Shields
 11248 | D:11     | Bought the ring "Caokia Deha" {*Drain rC+ Dex+7 SInv} for
                  | 588 gold pieces
 11406 | D:12     | Noticed a deep elf mage
 11415 | D:12     | Killed a deep elf mage
 11556 | D:12     | Reached skill level 10 in Armour
 11766 | D:12     | Found a staircase to the Orcish Mines.
 12464 | D:13     | Reached XP level 12. HP: 89/100 MP: 16/16
 12962 | D:13     | Found a gate to the Vaults.
 12968 | D:13     | Noticed a two-headed ogre
 13001 | D:13     | HP: 4/100 [large slime creature (30)]
 13004 | D:13     | Killed a two-headed ogre
 13575 | D:13     | Reached skill level 10 in Dodging
 13576 | D:13     | Killed from afar by a deep elf mage

Illustrated notes

Levels and vault maps discovered:
D:1:      giann_forest_graveyard, layout_rooms,
          nemelex_xobeh_ov_fountains_minmay
D:2:      layout_basic, lightli_temple_of_fire,
          gammafunk_temple_overflow_elements
D:3:      layout_loops_ring, old_standard_altar, evilmike_ruin_ashenzari,
          grunt_gozag_statues, uniq_grinder
D:4:      gammafunk_wand_slinger, layout_basic,
          minmay_temple_entry_purple_smoke, minmay_small_thing
D:5:      layout_loops_cross, first_ration, serial_undead, serial_undead_b,
          serial_undead_f, serial_undead_d, serial_undead_e
D:6:      layout_cave_pools, lemuel_oklob_altar
D:7:      layout_loops_ring, lemuel_coloured_pillars_altar, grunt_ogre_cave
D:8:      layout_loops_ring, ebering_ghost_reflecting_pool, serial_rivers,
          chequers_serial_rivers_micro_a, chequers_serial_rivers_marsh,
          chequers_serial_rivers_room_a, chequers_serial_rivers_small_a,
          chequers_serial_rivers_micro_d, serial_shops, shop
D:9:      minmay_inner_zag, layout_irregular_city,
          hangedman_abyss_or_decor_lesser_grid, uniq_grum
D:10:     gammafunk_mikee_crab_dinner, layout_rooms, minmay_holes
D:11:     layout_big_octagon, erik_lair_orcish_takeover
D:12:     layout_basic, orc_0_dummy, hangedman_abyss_or_decor_clamps
D:13:     layout_cave_pods, david_vaults_1, serial_column_ruins,
          column_ruins_open_tiny, column_ruins_grid_1, column_ruins_grid_1,
          column_ruins_grid_1

Skill      XL: |  1  2  3  4  5  6  7  8  9 10 11 12 |
---------------+-------------------------------------+-----
Armour         | 3 4 5 6 8 9 10 | 10.4
Dodging        | 1 2 3 4 6 7 8 9 10 | 10.0
Fighting       | 6 7 8 9 10 11 | 11.7
Evocations     | 4 6 |  6.9
Shields        | 2 3 |  3.6
Throwing       | |  1.0
Stealth        | |  1.0

Action                   |  1- 3 |  4- 6 |  7- 9 | 10-12 || total
-------------------------+-------+-------+-------+-------++-------
Melee: Spear             |    87 |    40 |       |       ||   127
       Flail             |       |    47 |   212 |   418 ||   677
Throw: Dart              |       |    15 |     1 |    18 ||    34
Invok: Call Merchant     |       |       |       |     1 ||     1
       Potion Petition   |       |       |       |     1 ||     1
Evoke: Wand              |       |       |     7 |    14 ||    21
  Use: Potion            |       |     1 |       |       ||     1
       Scroll            |       |    11 |    10 |    10 ||    31
 Stab: Sleeping          |       |     7 |     7 |    10 ||    24
       Distracted        |       |     2 |     2 |     8 ||    12
  Eat: Chunk             |       |     3 |       |       ||     3
       Ration            |       |     2 |     4 |     6 ||    12
Armor: Ring mail         |    37 |    24 |    89 |     2 ||   152
       Scale mail        |       |       |       |   169 ||   169
Dodge: Dodged            |    48 |    35 |   160 |   404 ||   647
Block: Buckler           |       |       |       |   157 ||   157
       Other             |       |       |       |    14 ||    14
       Reflection        |       |       |       |     2 ||     2
